AoeStats
← Carrillo

Arena

509598803Analyzed
2v2 RM · 3d ago on Sep 27, 2026· 33m 50s· 4 players
Game mode
Random Map
Map size
Medium (4 player)
Population
200
Speed
Normal
Resources
Standard
Victory
Conquest
Starting age
Dark Age
Ending age
Imperial Age
RankedLock teamsTeams togetherTeam positionsShared explorationLock speedFull tech treeHidden civsTurbo modeCheats
Victory
Defeat
🇪🇸 Italians · Spain
912
+17
🇩🇪 Turks · Germany
902
+16
🇩🇪 Persians · Germany
939
-17
🇪🇨 Britons · Ecuador
911
-16
dideaflorinfor93
6:48 Loom
10:17 Feudal Age
10:43 Double-Bit Axe
12:56 Horse Collar
18:32 Castle Age
16:35 Stone Mining
17:42 Gold Mining
19:37 Squires
19:52 Forging
19:45 Heavy Plow
21:46 Arson
24:50 Husbandry
26:40 Wheelbarrow
29:00 Bow Saw
33:42 Imperial Age
32:17 Hand Cart
Carrillo
5:32 Loom
11:44 Feudal Age
12:59 Double-Bit Axe
12:57 Horse Collar
19:17 Castle Age
17:14 Fletching
17:55 Padded Archer Armor
18:34 Scale Mail Armor
19:38 Forging
20:26 Bow Saw
20:25 Heavy Plow
21:05 Bow Saw
22:19 Caravan
22:52 Arson
24:13 Bodkin Arrow
25:21 Fortified Wall
25:59 Ballistics
25:37 Murder Holes
25:53 Masonry
25:24 Treadmill Crane
28:24 Leather Archer Armor
28:25 Chain Mail Armor
29:59 Town Watch
30:52 Wheelbarrow
30:49 Town Patrol
33:59 Hand Cart
34:21 Silk Road
Beltscharzar
11:40 Feudal Age
10:01 Loom
15:58 Castle Age
15:15 Double-Bit Axe
18:40 Double-Bit Axe
18:37 Horse Collar
19:11 Forging
19:07 Scale Barding Armor
23:35 Wheelbarrow
22:46 Town Watch
25:57 Iron Casting
25:59 Pikeman
26:40 Squires
26:56 Bloodlines
27:43 Husbandry
VaimX
9:08 Feudal Age
10:24 Wheelbarrow
9:37 Double-Bit Axe
10:20 Horse Collar
17:33 Castle Age
17:08 Loom
22:14 Gold Mining
22:56 Bow Saw
26:06 Gold Shaft Mining
27:40 Padded Archer Armor
28:27 Fletching
28:53 Leather Archer Armor
Connection lost

Rejoining the realm…

Still unreachable

The connection could not be restored.

Session expired

The server has moved on; the page needs a fresh start.